AoeStats
← 白鹿城拉车车

Pilgrims

507046864Analyzed
4v4 RM · 15d ago on Sep 16, 2026· 37m 49s· 8 players
Game mode
Random Map
Map size
Large (8 player)
Population
200
Speed
Normal
Resources
Standard
Victory
Conquest
Starting age
Dark Age
Ending age
Imperial Age
RankedLock teamsTeams togetherTeam positionsShared explorationLock speedFull tech treeHidden civsTurbo modeCheats
Victory
Defeat
🇨🇳 Wu · China
1375
+14
🇩🇪 Persians · Germany
1370
+14
🇹🇼 Koreans · Taiwan
1368
+14
🇩🇪 Byzantines · Germany
1351
+15
🇭🇰 Britons · Hong Kong SAR China
1348
-15
🇨🇳 Persians · China
1325
-14
🇨🇳 Burgundians · China
1318
-14
🇭🇰 Japanese · Hong Kong SAR China
1316
-14
Darealown
3:21 Loom
12:30 Feudal Age
13:25 Fishing Lines
13:50 Double-Bit Axe
17:41 Castle Age
15:56 Fletching
17:57 Bloodlines
19:12 Forging
20:51 Horse Collar
22:55 Heavy Plow
26:41 Wheelbarrow
30:35 Hand Cart
30:16 Gold Mining
33:23 Bow Saw
37:53 Imperial Age
36:51 Gold Shaft Mining
36:07 Stone Mining
藥膏
10:47 Loom
Fanume
11:17 Feudal Age
10:24 Loom
12:58 Double-Bit Axe
16:59 Castle Age
15:04 Fishing Lines
15:21 Gold Mining
15:54 Fletching
18:02 Medium Warships
17:52 Bodkin Arrow
18:36 Wheelbarrow
18:12 Bow Saw
20:48 Hand Cart
21:44 Stone Mining
21:36 Horse Collar
24:55 Imperial Age
25:52 Scale Mail Armor
26:02 Forging
26:24 Pikeman
27:55 Heavy Plow
28:22 Ballistics
29:03 Chemistry
29:24 Bracer
29:25 Padded Archer Armor
29:24 Murder Holes
29:17 Elite Skirmisher
30:03 Thumb Ring
31:37 Leather Archer Armor
31:38 Chain Mail Armor
31:58 Iron Casting
31:18 Guard Tower
32:04 Conscription
34:21 Two-Man Saw
34:55 Ring Archer Armor
34:56 Plate Mail Armor
34:37 Halberdier
35:18 Squires
36:05 Arson
38:08 Keep
37:14 Treadmill Crane
白鹿城拉车车
10:27 Feudal Age
11:22 Double-Bit Axe
14:18 Castle Age
12:04 Fishing Lines
13:26 Fletching
16:02 Wheelbarrow
15:40 Bow Saw
15:43 Medium Warships
16:13 Gillnets
17:07 Bodkin Arrow
19:01 Ballistics
19:10 Horse Collar
22:08 Hand Cart
23:13 Gold Mining
23:13 Stone Mining
25:55 Gold Shaft Mining
26:04 Padded Archer Armor
30:14 Imperial Age
28:52 Town Watch
28:53 Loom
31:05 Stone Shaft Mining
31:30 Conscription
32:39 Chemistry
33:29 Bracer
33:14 Treadmill Crane
33:58 Sitting Tiger
34:28 Leather Archer Armor
35:58 Red Cliffs Tactics
AI (HD Version)
5:30 Loom
10:51 Feudal Age
11:19 Double-Bit Axe
17:17 Castle Age
15:23 Fletching
18:24 Medium Warships
19:04 Bow Saw
27:55 Wheelbarrow
29:24 Hand Cart
29:22 Bodkin Arrow
33:34 Imperial Age
32:00 Padded Archer Armor
31:52 Gold Mining
33:28 Leather Archer Armor
33:48 Horse Collar
34:22 Bracer
34:54 Ring Archer Armor
35:33 Chemistry
34:54 Ballistics
35:02 Warwolf
35:24 Yeomen
35:10 Elite Longbowman
36:45 Conscription
37:15 Gold Shaft Mining
mipolin
4:46 Loom
5:52 Horse Collar
8:59 Double-Bit Axe
14:29 Feudal Age
16:05 Bow Saw
22:54 Heavy Plow
26:46 Wheelbarrow
25:59 Town Watch
30:16 Castle Age
31:16 Hand Cart
33:20 Husbandry
33:35 Scale Barding Armor
33:41 Forging
33:26 Light Cavalry
35:45 Chain Barding Armor
36:00 Iron Casting
37:13 Crop Rotation
37:51 Two-Man Saw
poor guy
12:21 Feudal Age
10:37 Loom
16:03 Castle Age
14:39 Double-Bit Axe
16:03 Loom
18:03 Fletching
18:45 Bodkin Arrow
19:15 Pikeman
22:56 Fishing Lines
29:21 Wheelbarrow
32:49 Yasama
37:37 Hand Cart
37:39 Bow Saw
2265138721
4:40 Loom
29:54 Feudal Age
33:25 Castle Age
31:22 Double-Bit Axe
31:33 Horse Collar
33:33 Bloodlines
33:30 Scale Barding Armor
35:12 Husbandry
37:40 Heavy Plow
Connection lost

Rejoining the realm…

Still unreachable

The connection could not be restored.

Session expired

The server has moved on; the page needs a fresh start.